 Dungeon Crawl Stone Soup version 0.20.1-1-g8b1a95d (webtiles) character file.

7322 vishdafish the Soothsayer (level 10, -2/76 HPs)
             Began as a Demonspawn Fighter on July 3, 2017.
             Was a Priest of Nemelex Xobeh.
             Killed by the air
             ... invoked by Gastronok
              (36 damage)
             ... on level 9 of the Dungeon.
             The game lasted 00:20:20 (10441 turns).

vishdafish the Soothsayer (Demonspawn Fighter)     Turns: 10441, Time: 00:20:21

Health: -2/76      AC:  9    Str: 23    XL:     10   Next: 90%
Magic:  19/19      EV: 12    Int:  9    God:    Nemelex Xobeh [***...]
Gold:   410        SH: 10    Dex: 18    Spells: 9/9 levels left

rFire    . . .     SeeInvis .   a - +0 war axe
rCold    . . .     Gourm    .   c - +0 shield
rNeg     + . .     Faith    .   b - +0 scale mail
rPois    .         Spirit   .   (no helmet)
rElec    .         Reflect  .   j - +0 cloak
rCorr    .         Harm     .   (no gloves)
MR       .....                  (no boots)
Stlth    +.........             (no amulet)
Regen    0.3/turn               e - +3 ring of strength
MPRegen  0.2/turn               O - ring of positive energy

@: agile, slowed, very slow
A: claws 1, rugged brown scales 1, spiny 2
a: Triple Draw, Renounce Religion


You were on level 9 of the Dungeon.
You worshipped Nemelex Xobeh.
Nemelex Xobeh was most pleased with you.
You were not hungry.

You visited 2 branches of the dungeon, and saw 11 of its levels.
You also visited: Sewer.

You collected 410 gold pieces.

Inventory:

Hand Weapons
 a - a +0 war axe (weapon)
Armour
 b - a +0 scale mail (worn)
 c - a +0 shield (worn)
 j - a +0 cloak (worn)
Jewellery
 e - a +3 ring of strength (left claw)
 u - an uncursed ring of stealth
 H - a +4 amulet of reflection {unknown}
 I - an uncursed ring of ice
 N - an uncursed ring of protection from fire
 O - a ring of positive energy (right claw)
 P - an uncursed amulet of guardian spirit {unknown}
 S - an uncursed ring of magical power
Wands
 h - a wand of digging (10/24)
 D - a wand of iceblast (9/15)
Scrolls
 g - 2 scrolls of fog {unknown}
 i - 3 scrolls of recharging
 k - 3 scrolls of amnesia {unknown}
 l - 2 scrolls of magic mapping
 m - 5 scrolls of remove curse
 o - 2 scrolls of enchant armour {unknown}
 q - 3 scrolls of enchant weapon {unknown}
 r - a scroll of blinking
 w - 2 scrolls of noise {unknown}
 x - 2 scrolls of fear {unknown}
 L - 3 scrolls of teleportation {unknown}
 M - a scroll of holy word {unknown}
 Q - a scroll of summoning {unknown}
Potions
 d - 3 potions of ambrosia
 n - 2 potions of haste {unknown}
 s - 4 potions of mutation
 t - 7 potions of curing
 A - 3 potions of agility
 B - 3 potions of magic
 E - 2 potions of brilliance {unknown}
 G - 2 potions of flight {unknown}
 J - a potion of degeneration {unknown}
Books
 y - a book of Conjurations

   Spells                             Type                      Level
   a - Magic Dart                     Conjuration                  1
   b - Searing Ray                    Conjuration                  2
   c - Dazzling Spray                 Conjuration/Hexes            3
   d - Fulminant Prism                Conjuration/Hexes            4
   e - Force Lance                    Conjuration/Translocation    4
   f - Iskenderun's Mystic Blast      Conjuration                  4
 C - a book of Changes

   Spells                             Type                      Level
   a - Beastly Appendage              Transmutation                1
   b - Sticks to Snakes               Transmutation                2
   c - Spider Form                    Transmutation/Poison         3
   d - Ice Form                       Ice/Transmutation            4
   e - Blade Hands                    Transmutation                5
Miscellaneous
 F - an ornate deck of escape {drawn: 4}
 R - a phantom mirror
Comestibles
 f - 2 bread rations
 p - 7 fruits
 v - 4 meat rations
 z - 3 royal jellies


   Skills:
 - Level 5.2 Fighting
 * Level 10.5 Axes
 - Level 4.7 Armour
 - Level 4.6 Shields
 * Level 12.5 Invocations


You had 9 spell levels left.
You didn't know any spells.

Dungeon Overview and Level Annotations

Branches:
Dungeon (10/15)            Temple (1/1) D:5            Lair (0/6) D:8
    Orc: D:9-12

Altars:
Ashenzari
Cheibriados
Dithmenos
Elyvilon
Fedhas
Gozag
Hepliaklqana
Kikubaaqudgha
Nemelex Xobeh
Okawaru
Qazlal
Ru
Sif Muna
Trog
Uskayaw
Vehumet
Xom
Yredelemnul
Zin
The Shining One

Shops:
D:5 [   D:6 (

Annotations:
D:9 Gastronok


Innate Abilities, Weirdness & Mutations

You have sharp fingernails.
You are partially covered in rugged brown scales. (AC +1, +3% HP)
You are mostly covered in sharp spines.


Message History

You feel much better.
Gastronok's eyestalks stretch out, then return to normal size.
You hit Gastronok but do no damage.
Gastronok is heavily wounded.
Gastronok is struck by your spines. Gastronok completely misses you.
You hit Gastronok.
Gastronok is heavily wounded.
You block Gastronok's attack.
You hit Gastronok.
Gastronok is heavily wounded.
You slash Gastronok!
Gastronok is severely wounded.
Gastronok waves his eye-stalks in wide circles.
The air twists around and strikes you!
You hit Gastronok but do no damage.
Gastronok is severely wounded.
Gastronok waves his eye-stalks in wide circles.
The air twists around and strikes you!
You die...
Your body disappears without a glow.

#.....###.........##
#.....# ##.......##
#.....# ##.....##
###.### ##...## #.#
##'## #.# #(# #O#
#.###### #w#
##.......
#@########...####.
#..(..........###.
##########.....##.
#........ #..##.##.
#..##.##. #..##.##.
#........ ##.######


You could see Gastronok and an ogre.

Vanquished Creatures
  Pikel (D:6)
  The ghost of vishdafish the Chopper, a novice DsFi of Nemelex Xobeh (D:5)
  Grinder (D:6)
  Prince Ribbit (D:6)
  A hippogriff (D:8)
  Sigmund (D:4)
  3 yaks (D:9)
  Duvessa (D:7)
  4 phantoms
  5 ice beasts
  A black bear (D:9)
  2 orc warriors
  2 sky beasts (D:9)
  A necrophage (D:9)
  3 centaurs
  An ogre (Temple)
  2 crocodiles (D:8)
  2 bullfrogs (D:7)
  Dowan (D:7)
  4 scorpions
  9 wights
  4 killer bees (D:9)
  2 howler monkeys
  3 crimson imps
  2 bullfrog zombies
  A quasit (D:8)
  2 hounds
  6 orc priests
  A gnoll shaman (D:8)
  2 jellies
  A bullfrog skeleton (D:9)
  5 centaur skeletons
  2 iguanas
  4 orc wizards
  5 worker ants
  A howler monkey skeleton (D:10)
  3 gnolls (D:8)
  15 adders
  2 shadow imps (D:7)
  4 oozes
  An adder zombie (D:6)
  2 adder skeletons (D:6)
  3 worms
  A dart slug (D:4)
  5 leopard geckos
  33 orcs
  7 giant cockroaches
  2 hobgoblins (D:3)
  6 jackals
  2 kobolds (D:3)
  7 bats
  9 frilled lizards
  8 goblins
  A quokka skeleton (D:4)
  A quokka zombie (D:5)
  7 rats
207 creatures vanquished.

Vanquished Creatures (collateral kills)
  A two-headed ogre (D:8)
  3 yaks (D:8)
  A basilisk (D:8)
  Purgy (Sewer)
  2 porcupines (D:8)
  A slave (D:6)
  An ogre (D:6)
  2 crocodiles (D:8)
  A bullfrog (D:8)
  A bullfrog skeleton (D:8)
  An orc (D:8)
15 creatures vanquished.

Vanquished Creatures (others)
  A bullfrog (D:6)
  2 fungi (D:8)
  A plant (D:8)
4 creatures vanquished.

Grand Total: 226 creatures vanquished

Notes
Turn   | Place    | Note
-------+----------+-------------------------------------------
     0 | D:1      | vishdafish the Demonspawn Fighter began the quest for the Orb.
     0 | D:1      | Reached XP level 1. HP: 18/18 MP: 1/1
   183 | D:1      | Gained mutation: You are partially covered in sharp spines. [demonic ancestry]
   183 | D:1      | Reached XP level 2. HP: 23/24 MP: 2/2
  1062 | D:2      | Found a basalt altar of Yredelemnul.
  1065 | D:2      | Gained mutation: You are partially covered in rugged brown scales. (AC +1, +3% HP) [demonic ancestry]
  1065 | D:2      | Reached XP level 3. HP: 24/29 MP: 3/3
  1587 | D:2      | Found a glowing silver altar of Zin.
  1945 | D:3      | Reached XP level 4. HP: 36/36 MP: 4/4
  2293 | D:3      | Gained mutation: You are mostly covered in sharp spines. [demonic ancestry]
  2293 | D:3      | Reached XP level 5. HP: 27/43 MP: 5/5
  2476 | D:3      | Found a bloodstained altar of Trog.
  2658 | D:3      | Reached XP level 6. HP: 49/49 MP: 6/6
  2891 | D:4      | Noticed Sigmund
  2903 | D:4      | Killed Sigmund
  2990 | D:4      | Found a radiant altar of Vehumet.
  3177 | D:4      | Reached XP level 7. HP: 28/56 MP: 7/7
  3417 | D:5      | Entered Level 5 of the Dungeon
  3500 | D:5      | Noticed vishdafish's ghost (novice DsFi)
  3513 | D:5      | Killed vishdafish's ghost
  3513 | D:5      | Reached skill level 5 in Fighting
  3513 | D:5      | Reached skill level 5 in Axes
  3514 | D:5      | Found Jiudile's Antique Armour Emporium.
  3585 | D:5      | Found a staircase to the Ecumenical Temple.
  3597 | D:5      | Reached XP level 8. HP: 63/63 MP: 8/8
  3603 | Temple   | Entered the Ecumenical Temple
  3715 | Temple   | Became a worshipper of Nemelex Xobeh the Trickster
  3765 | D:5      | Reached skill level 1 in Invocations
  3786 | D:5      | Reached skill level 2 in Invocations
  3804 | D:5      | Reached skill level 3 in Invocations
  4250 | D:5      | Found a stormy altar of Qazlal.
  4251 | D:5      | Received a gift from Nemelex Xobeh
  4268 | D:5      | Reached skill level 4 in Invocations
  4387 | D:6      | Found a shimmering altar of Xom.
  4428 | D:6      | Found a glowing drain.
  4444 | Sewer    | Entered a sewer
  4515 | Sewer    | Noticed Purgy
  4532 | Sewer    | Killed Purgy
  4724 | D:6      | Noticed Pikel
  4737 | D:6      | Noticed an ice devil
  4752 | D:7      | Reached skill level 5 in Invocations
  4985 | D:6      | Killed Pikel
  4985 | D:6      | Reached skill level 6 in Invocations
  4985 | D:6      | Gained mutation: You have sharp fingernails. [demonic ancestry]
  4985 | D:6      | Reached XP level 9. HP: 60/70 MP: 11/13
  5195 | D:6      | Found Paecw's Antique Weapon Shoppe.
  5263 | D:6      | Found a shattered altar of Ashenzari.
  5331 | D:6      | Reached skill level 7 in Invocations
  5395 | D:6      | Reached * piety under Nemelex Xobeh
  5396 | D:6      | Noticed Grinder
  5403 | D:6      | Paralysed by Grinder for 2 turns
  5405 | D:6      | Noticed Prince Ribbit
  5411 | D:6      | Killed Grinder
  5416 | D:6      | Killed Prince Ribbit
  5416 | D:6      | Reached skill level 8 in Invocations
  5772 | D:7      | Received a gift from Nemelex Xobeh
  5971 | D:7      | Noticed Dowan
  5982 | D:7      | Noticed Duvessa
  5996 | D:7      | Killed Duvessa
  5997 | D:7      | Killed Dowan
  6228 | D:7      | Reached skill level 9 in Invocations
  6536 | D:7      | Found a hazy altar of Hepliaklqana.
  7000 | D:8      | Found a staircase to the Lair.
  7015 | D:8      | Reached skill level 10 in Invocations
  7015 | D:8      | Reached XP level 10. HP: 30/76 MP: 17/17
  7182 | D:8      | Reached ** piety under Nemelex Xobeh
  7417 | D:8      | Found a deep blue altar of Sif Muna.
  7417 | D:8      | Found a hide-covered altar of Uskayaw.
  7418 | D:8      | Found a blossoming altar of Fedhas.
  7813 | D:8      | Noticed a two-headed ogre
  7821 | D:8      | Killed a two-headed ogre
  7821 | D:8      | Reached skill level 11 in Invocations
  8368 | D:9      | Received a gift from Nemelex Xobeh
  8481 | D:9      | Reached skill level 10 in Axes
  9073 | D:9      | Reached skill level 12 in Invocations
  9132 | D:9      | You fall through a shaft!
  9132 | D:10     | Entered Level 10 of the Dungeon
  9532 | D:10     | Reached *** piety under Nemelex Xobeh
  9708 | D:10     | Noticed a two-headed ogre
 10246 | D:9      | Found a snail-covered altar of Cheibriados.
 10423 | D:9      | Noticed Gastronok
 10441 | D:9      | Killed from afar by Gastronok

Skill      XL: |  1  2  3  4  5  6  7  8  9 10 |
---------------+-------------------------------+-----
Axes           | 2 3 4 5 7 9 10 | 10.5
Armour         | 3 4 |  4.7
Shields        | 3 4 |  4.6
Fighting       | 4 5 |  5.2
Invocations    | 6 10 12 | 12.5

Action                   |  1- 3 |  4- 6 |  7- 9 | 10-12 || total
-------------------------+-------+-------+-------+-------++-------
Melee: War axe           |    77 |    87 |   252 |   242 ||   658
Evoke: Deck              |       |       |    11 |     9 ||    20
       Wand              |       |       |       |     2 ||     2
  Use: Potion            |       |       |     3 |     4 ||     7
       Scroll            |       |       |     7 |     2 ||     9
  Eat: Chunk             |     3 |     4 |     8 |     8 ||    23
       Bread ration      |       |       |     1 |     1 ||     2
Armor: Scale mail        |    32 |    38 |   108 |    75 ||   253
Dodge: Dodged            |    29 |    30 |    62 |    48 ||   169
Block: Shield            |    44 |    50 |   132 |   121 ||   347
